Map: Echo LE (Void)

Players

Musumeci - Winner!

  • Race: Zerg Zerg
  • League: Diamond
  • Spawn Location: 11:00

MonEwok

  • Race: Terran Terran
  • League: Diamond
  • Spawn Location: 5:00

VOD

Have the link to the VOD?

Description

Time

  • Played on: Dec. 28, 2016, 2:18 p.m.
  • Length: 13:23
Show
View Real Time Build Order
Export as new Build Order

Musumeci Zerg - Winner!

Build Orders: Hatch First 

Get SALT Encoding   

  12  0:02  Drone  
  13  0:08  Drone  
  13  0:13  Extractor  
  13  0:15  Drone  
  15  0:39  Hatchery  
  14  0:43  Extractor  
  14  0:45  Drone  
  15  1:00  Spawning Pool  
  14  1:12  Drone, Extractor  
  14  1:14  Drone, Extractor  
  14  1:18  Overlord  
  16  1:37  Drone  
  16  1:38  Drone  
  18  1:47  Drone  
  18  1:50  Queen, Extractor  
  18  1:52  Queen  
  22  1:56  Drone  
  24  2:18  Drone  
  24  2:19  Drone x3  
  28  2:25  Overlord  
  28  2:43  Queen x2, Drone x4  
  36  2:47  Overlord  
  36  3:09  Drone x6  
  42  3:15  Overlord x2  
  42  3:34  Hatchery  
  41  3:43  Extractor x2  
  41  3:45  Drone x3, Roach Warren  
  41  3:46  Drone  
  41  3:47  Drone x2  
  44  4:00  Drone x2  
  44  4:01  Overlord  
  44  4:02  Overlord x3  
  46  4:25  Roach  
  46  4:26  Roach x3  
  54  4:46  Roach x3  
  54  4:50  Drone x3  
  54  4:51  Extractor  
  54  4:52  Drone x2  
  64  4:56  Extractor  
  63  5:07  Drone  
  63  5:08  Drone  
  63  5:13  Lair  
  65  5:16  Roach x4  
  65  5:19  Drone  
  65  5:20  Drone  
  65  5:21  Drone x2  
  77  5:27  Roach  
  79  5:42  Spore Crawler  
  78  5:43  Spore Crawler  
  78  5:44  Drone x2, Spore Crawler x2  
  78  5:45  Drone, Spore Crawler  
  78  5:46  Drone  
  78  5:47  Drone x2  
  80  5:51  Overlord x3  
  80  5:53  Drone x2  
  82  5:57  Extractor  
  82  5:59  Extractor  
  80  6:04  Evolution Chamber  
  80  6:07  Evolution Chamber  
  76  6:25  Drone x5  
  77  6:31  Drone  
  77  6:32  Drone x9  
  87  6:45  Glial Reconstitution, Zerg Ground Armor Level 1, Zerg Missile Weapons Level 1  
  87  6:47  Drone x2  
  89  6:52  Spore Crawler  
  88  7:07  Roach  
  90  7:09  Overlord x3  
  90  7:12  Ravager x2  
  90  7:15  Ravager x3  
  95  7:16  Roach  
  97  7:29  Drone x3  
  100  7:33  Roach x11  
  122  7:44  Roach  
  122  7:45  Overlord x4  
  122  7:57  Roach x3  
  117  8:05  Ravager x2  
  105  8:06  Roach x3  
  105  8:07  Roach x2  
  105  8:08  Ravager x9  
  124  8:21  Ravager  
  124  8:25  Roach  
  124  8:26  Roach x9  
  145  8:29  Roach x3  
  138  8:44  Roach x3  
  144  8:57  Zerg Missile Weapons Level 2  
  144  8:58  Zerg Ground Armor Level 2  
  144  8:59  Roach  
  144  9:00  Roach x4  
  144  9:01  Extractor  
  153  9:03  Hatchery  
  153  9:04  Hatchery  
  153  9:06  Extractor  
  150  9:19  Overlord x3  
  150  9:20  Overlord  
  150  9:21  Overlord x3  
  150  9:29  Roach x2  
  154  9:40  Drone x3  
  154  9:41  Drone x3  
  160  10:13  Infestation Pit, Extractor  
  158  10:17  Extractor  
  157  10:24  Roach x6  
  157  10:25  Roach x3  
  141  10:33  Roach x9  
  130  10:41  Ravager x2  
  132  10:49  Ravager x4  
  138  10:50  Ravager x2  
  138  10:55  Ravager x6  
  138  10:56  Ravager x3  
  138  10:57  Drone x3  
  144  10:58  Drone x4  
  150  11:06  Hive  
  116  11:32  Roach  
  116  11:33  Roach x13  
  116  11:39  Ravager  
  140  11:49  Roach x10  
  146  11:57  Roach x3  
  142  12:06  Ravager x8  
  142  12:08  Roach x8  
  157  12:12  Extractor  
  133  12:27  Roach x2  
  133  12:28  Roach x9  
  144  12:33  Ravager x2  
  144  12:34  Ravager  
  127  12:58  Hatchery  
  126  12:59  Roach  
  126  13:00  Roach x13  
Show
View Real Time Build Order
Export as new Build Order

MonEwok Terran 

Build Orders: Bio Tank 

Get SALT Encoding   

  12  0:00  SCV  
  13  0:14  SCV  
  13  0:17  Supply Depot  
  14  0:26  SCV  
  15  0:29  Refinery  
  15  0:39  SCV  
  16  0:45  Barracks  
  16  0:51  SCV  
  17  1:03  SCV  
  18  1:15  SCV  
  19  1:32  Marine  
  20  1:35  Orbital Command  
  20  1:53  Command Center  
  20  1:55  Marine  
  20  2:01  SCV  
  22  2:11  Barracks  
  22  2:18  SCV  
  22  2:19  Barracks Reactor  
  23  2:35  Bunker  
  23  2:41  Supply Depot  
  23  2:58  Barracks Tech Lab  
  23  3:02  Marine x2  
  23  3:03  SCV  
  26  3:08  Orbital Command  
  26  3:15  SCV  
  27  3:20  Marine x2, Stimpack  
  27  3:24  Factory  
  27  3:26  Marine  
  30  3:27  SCV  
  30  3:31  Refinery  
  31  3:34  SCV  
  31  3:38  Supply Depot  
  31  3:40  SCV  
  33  3:41  Marine  
  33  3:43  Marine  
  33  3:45  Marine  
  36  3:53  SCV  
  36  3:54  SCV  
  38  4:01  Marine x2  
  40  4:05  SCV, Supply Depot  
  40  4:06  SCV  
  42  4:11  Factory Reactor  
  42  4:13  Starport  
  41  4:17  SCV, Marine  
  41  4:22  SCV  
  44  4:25  Marine x2  
  44  4:31  SCV  
  47  4:35  Engineering Bay  
  47  4:39  Marine  
  47  4:41  SCV  
  49  4:48  Supply Depot  
  49  4:50  SCV  
  50  4:53  SCV  
  50  4:57  Marine x2  
  50  4:58  Medivac  
  50  4:59  Medivac  
  57  5:00  Marine  
  57  5:01  Terran Infantry Weapons Level 1  
  57  5:02  SCV  
  57  5:05  SCV  
  60  5:11  Supply Depot  
  60  5:13  Factory Reactor  
  60  5:14  SCV  
  60  5:16  Marine x2  
  60  5:17  SCV  
  60  5:20  Refinery, Marine  
  65  5:27  SCV  
  66  5:28  Supply Depot  
  66  5:29  Supply Depot  
  66  5:30  SCV  
  66  5:34  Marine  
  68  5:40  Command Center  
  68  5:51  Marine x2  
  70  5:57  Barracks  
  70  5:59  Widow Mine x2  
  70  6:00  Marine  
  70  6:02  Barracks, Medivac  
  77  6:09  Marine  
  62  6:26  Marine x2  
  62  6:27  Marine  
  63  6:33  Medivac  
  63  6:34  Medivac  
  63  6:37  Factory Tech Lab  
  63  6:38  SCV  
  67  6:42  SCV, Engineering Bay  
  67  6:44  Marauder, Armory  
  69  6:47  Refinery  
  69  6:48  Marine, Barracks Tech Lab  
  69  6:49  Marine  
  69  6:52  Barracks Tech Lab  
  69  6:53  Orbital Command  
  71  6:58  Siege Tank  
  74  7:01  SCV  
  74  7:04  SCV  
  74  7:06  Marauder, Marine  
  74  7:08  Concussive Shells  
  79  7:13  SCV  
  79  7:35  Marine  
  79  7:36  Marauder x3, Marine  
  86  7:40  Siege Tank  
  87  7:45  Terran Infantry Weapons Level 2, Factory  
  87  7:46  Supply Depot  
  87  7:48  Supply Depot  
  87  7:50  SCV x2  
  89  7:52  SCV  
  89  7:53  Marine x2  
  86  8:02  SCV  
  87  8:07  Refinery  
  87  8:08  Refinery  
  87  8:09  Marine  
  87  8:10  Marauder x2  
  87  8:11  Marine, Medivac  
  95  8:18  Siege Tank  
  94  8:27  Marauder  
  94  8:32  Marauder x2  
  89  8:44  Marine x2  
  91  8:48  Marine  
  91  8:49  Factory Tech Lab  
  91  8:50  Siege Tank  
  91  8:53  Factory  
  94  8:55  Marine  
  94  8:56  Marauder  
  94  8:57  SCV x2  
  94  8:58  SCV  
  100  9:05  Marine x2  
  100  9:07  Marauder, Terran Infantry Armor Level 1  
  104  9:10  Siege Tank  
  104  9:12  Supply Depot x2  
  104  9:14  Marauder  
  109  9:17  Marine  
  109  9:18  Combat Shields  
  109  9:21  Supply Depot  
  109  9:22  Supply Depot  
  110  9:25  Marine, Siege Tank  
  110  9:26  Marine  
  110  9:27  Marine  
  110  9:30  Medivac  
  118  9:31  SCV x2  
  120  9:47  Marauder x2, Marine  
  125  9:53  SCV x2, Marine x2  
  125  9:55  Siege Tank  
  132  10:03  Siege Tank  
  132  10:05  Marine  
  136  10:09  Marauder x2  
  136  10:11  Marine  
  141  10:17  Marine  
  142  10:22  Marine  
  123  10:30  Marauder x2  
  123  10:31  Marine  
  122  10:36  Marauder  
  122  10:38  Widow Mine x2  
  122  10:40  Marine  
  129  10:48  Marine  
  130  10:51  Marauder x2  
  134  10:57  Marauder  
  134  10:58  Marine  
  137  11:06  Marine  
  137  11:07  Barracks x2  
  137  11:09  Command Center  
  137  11:11  Barracks  
  138  11:13  Marauder x2, Siege Tank x2  
  138  11:16  Marine  
  138  11:17  Supply Depot x2  
  138  11:18  Marine  
  149  11:24  Marine  
  122  11:33  Marine  
  122  11:34  Marauder, Marine  
  122  11:39  Marine  
  124  11:42  Marine  
  124  11:45  Siege Tank x2  
  131  11:51  Marine  
  131  11:52  Marine  
  127  11:56  Marauder  
  127  11:57  Marine  
  127  12:00  Marine  
  127  12:04  Medivac x2  
  126  12:09  Marine x2  
  126  12:14  Marine  
  121  12:16  Marine  
  121  12:17  Marine  
  117  12:27  Marine x2  
  104  12:31  Siege Tank x2  
  104  12:32  Marine  
  104  12:33  Medivac  
  104  12:34  Marine, Medivac  
  104  12:35  Marine  
  102  12:45  Marine x2  
  102  12:50  Marine  
  91  12:51  Marine  
  91  12:52  Marine  
  91  12:53  Marine  
  91  12:54  Marine x2  
  96  13:03  Marine  
Tags
 
Composition
Bio Tank
Matchup
TvZ
Replay Pack
replay pack
Spawn Locations
Cross Positions
Add a new tag
Caveats
  • Supply blocks, unpowered buildings, or Contaminate may cause inaccurate times.
  • Supply counts are checked every 10 seconds.